 Dungeon Crawl Stone Soup version 0.27.0-1-g7a089689b8 (webtiles) character file.

Game seed: 16375041440581197543

1 Descartes the Sneak (level 1, -2/10 HPs)
             Began as a Felid Wanderer on Aug 7, 2021.
             Slain by a kobold (3 damage)
             ... on level 1 of the Dungeon.
             The game lasted 00:00:39 (79 turns).

Descartes the Sneak (Felid Wanderer)                  Turns: 79, Time: 00:00:40

Health: -2/10      AC:  1    Str:  8    XL:     1   Next: 16%
Magic:  2/2        EV: 16    Int: 12    God:
Gold:   8          SH:  0    Dex: 16    Spells: 0/0 levels left
                                        Lives:  0   Deaths: 0

rFire    . . .     SeeInvis +     - Unarmed
rCold    . . .     Faith    .   (shield unavailable)
rNeg     . . .     Spirit   .   (armour unavailable)
rPois    .         Reflect  .   (helmet unavailable)
rElec    .         Harm     .   (cloak unavailable)
rCorr    .         Rampage  .   (gloves unavailable)
Will     .....                  (boots unavailable)
Stlth    +++.......             (no amulet)
HPRegen  0.03/turn              (no ring)
MPRegen  0.08/turn              (no ring)

@: quick
A: very small, claws 1, fangs 3, see invisible, speed 1, shaggy fur 1, stealthy
paws, no weapons or thrown items, no armour, multi-lived
a: no special abilities


You were on level 1 of the Dungeon.
You visited 1 branch of the dungeon, and saw 1 of its levels.

You collected 8 gold pieces.

Inventory:

Scrolls
 c - a scroll of teleportation
Potions
 a - a potion of heal wounds
 b - a potion of lignification


   Skills:
 - Level 3.0 Fighting
 + Level 1.4 Dodging
 + Level 5.3 Stealth
 + Level 2.0 Unarmed Combat


You couldn't memorise any spells.
You didn't know any spells.
Your spell library was empty.

Dungeon Overview and Level Annotations

Branches:
Dungeon (1/15)

Altars:


Innate Abilities, Weirdness & Mutations

You have sharp claws.
You have razor-sharp teeth.
You have supernaturally acute eyesight. (SInv)
You cover ground quickly. (Speed+)
You are covered in fur. (AC +1)
Your paws help you pounce on unaware monsters.
You are incapable of wielding weapons or throwing items.
You cannot wear armour.
You gain extra lives every three experience levels.


Message History

The kobold is moderately wounded.
The kobold barely misses you.
You scratch the kobold but do no damage.
The kobold is moderately wounded.
The kobold barely misses you.
You scratch the kobold but do no damage.
You bite the kobold, but do no damage.
The kobold hits you with a +0 dagger of protection.
* * * LOW HITPOINT WARNING * * *
You closely miss the kobold. You bite the kobold, but do no damage.
The kobold completely misses you.
You barely miss the kobold.
The kobold hits you with a +0 dagger of protection.
* * * LOW HITPOINT WARNING * * *
You scratch the kobold but do no damage.
The kobold hits you but does no damage. Why would you want to do that?
There is a staircase leading out of the dungeon here.
You start resting.
A frilled lizard is nearby!
You scratch the frilled lizard.
The frilled lizard is heavily wounded.
The frilled lizard closely misses you.
You completely miss the frilled lizard.
The frilled lizard is heavily wounded.
The frilled lizard bites you.
* * * LOW HITPOINT WARNING * * *
You scratch the frilled lizard.
You kill the frilled lizard!
You scratch the kobold but do no damage.
Your bite misses the kobold. The kobold completely misses you.
You scratch the kobold but do no damage.
You bite the kobold, but do no damage.
The kobold hits you with a +0 dagger of protection.
* * * LOW HITPOINT WARNING * * *
You scratch the kobold but do no damage.
The kobold barely misses you.
You scratch the kobold but do no damage.
The kobold hits you with a +0 dagger of protection.
You die...

≈≈≈≈≈≈..><..≈≈§≈≈≈..#...
≈≈≈≈≈≈......§§≈≈≈≈..#.#######
.≈≈≈≈...##Kl.≈≈≈≈...........#
.......####.......###.#####.
##.###.# ##.###### #.# # #.##
#.l...## #.# #.#.#####..#..#
#l# ..###......###K###.## ###
#.#####..#@.##..†# #..
.#########..# ### #. ...# ##
..## .## .# .# ##


You could see a kobold.

Vanquished Creatures
  A frilled lizard (D:1)
  A rat (D:1)
2 creatures vanquished.

Notes
Turn   | Place    | Note
-------+----------+-------------------------------------------
     0 | D:1      | Descartes the Felid Wanderer began the quest for the Orb.
     0 | D:1      | Descartes set off with the following items: a potion of
                  | heal wounds, a potion of lignification, a scroll of
                  | teleportation
     0 | D:1      | Reached XP level 1. HP: 10/10 MP: 2/2
    79 | D:1      | Slain by a kobold

Illustrated notes

Levels and vault maps discovered:
D:1:      dpeg_arrival_pits, layout_loops_ring, minmay_crystal_room,
          chequers_serial_rivers_room_b

Action                   || total
-------------------------++-------
Melee: Unarmed           ||    21
       Bite              ||     3
       Punch             ||     1
Armor: Skin              ||     3
Dodge: Dodged            ||    14
